 Dungeon Crawl Stone Soup version 0.29-a0-581-ge9a90b782e (webtiles) character file.

Game seed: 2120730662992859822

42 KristoblXynda the Slasher (level 3, 0/45 HPs)
             Began as a Draconian Gladiator on June 14, 2022.
             Succumbed to a kobold's poison
             ... on level 2 of the Dungeon.
             The game lasted 00:01:39 (1607 turns).

KristoblXynda the Slasher (Draconian Gladiator)     Turns: 1607, Time: 00:01:39

Health: 0/45       AC:  6    Str: 16    XL:     3   Next: 35%
Magic:  3/3        EV: 13    Int:  8    God:
Gold:   45         SH:  0    Dex: 14    Spells: 2/2 levels left

rFire   . . .      SeeInvis .   a - +0 long sword
rCold   . . .      Faith    .   j - orb {light}
rNeg    . . .      Spirit   .   (body armour unavailable)
rPois   .          Reflect  .   b - +0 hat
rElec   .          Harm     .   (no cloak)
rCorr   .          Rampage  .   (no gloves)
Will    .....                   l - +0 pair of boots
Stlth   ..........              (no amulet)
HPRegen 0.15/turn               (no ring)
MPRegen 0.08/turn               (no ring)

@: berserking (expiring), lethally poisoned (0 -> -1), glowing, very quick
A: AC +5, unfitting armour, cold-blooded
a: no special abilities


You were on level 2 of the Dungeon.
You visited 1 branch of the dungeon, and saw 2 of its levels.

You collected 45 gold pieces.

Inventory:

Hand Weapons
 a - a +0 long sword (weapon)
Missiles
 c - 3 throwing nets (quivered)
 d - a javelin
Armour
 b - a +0 hat (worn)
 j - an orb of light (worn)
 l - a +0 pair of boots (worn)
Scrolls
 h - 3 scrolls of teleportation {unknown}
 i - a scroll of magic mapping {unknown}
Potions
 e - a potion of berserk rage
 f - a potion of resistance {unknown}
 g - a potion of might {unknown}
 k - a potion of curing {unknown}


   Skills:
 + Level 2.8 Fighting
 * Level 3.6 Long Blades
 - Level 2.0 Throwing
 + Level 3.0 Dodging


You had 2 spell levels left.
You didn't know any spells.
Your spell library contained the following spells:

 Spells                   Type           Power      Damage    Failure   Level
 Summon Guardian Golem    Hex/Summ       0%         N/A       78%         3
 Orb of Destruction       Conj           0%         9d5       100%        7
 Spellforged Servitor     Conj/Summ      0%         N/A       100%        7


Dungeon Overview and Level Annotations

Branches:
Dungeon (2/15)

Altars:

Shops:
D:1 [


Innate Abilities, Weirdness & Mutations

Your plain brown scales are hard. (AC +5)
You cannot fit into any form of body armour.
You are cold-blooded and may be slowed by cold attacks.


Message History

It was a potion of berserk rage.
A red film seems to cover your vision as you go berserk!
You feel yourself moving faster!
You feel mighty!
You feel sick. The goblin hits you but does no damage.
Unknown command.
You slash the goblin!
You kill the goblin!
You feel sick.
You feel sick.
The kobold hits you with a +3 short sword of venom.
* * * LOW HITPOINT WARNING * * *
The kobold barely misses you.
Things that are here:
a +0 dagger; a goblin corpse You slash the kobold!
You kill the kobold!
* * * LOW HITPOINT WARNING * * *
You feel sick. The kobold barely misses you.
You slash the kobold!
You kill the kobold!
* * * LOW HITPOINT WARNING * * *
You feel sick. The dart slug launches a dart at you. The slug dart misses you.
* * * LOW HITPOINT WARNING * * *
You feel sick.
You see here a +0 short sword.
You slash the dart slug!
The dart slug is almost dead.
* * * LOW HITPOINT WARNING * * *
You feel sick. The dart slug bites you.
* * * LOW HITPOINT WARNING * * *
You slash the dart slug!
You kill the dart slug!
There is a lethal amount of poison in your body!
There is a lethal amount of poison in your body!
You are too berserk!
Unknown command.
There is a lethal amount of poison in your body!
You die...

#.........#.#.(#.#.#
#.....†...#.#....#.#
#.........#.#.##.#.#
#########.#.#....#.#
#.#.######.###
#.#........... .
#.############
....#######.#
#...†@)...#
#)$##.)##### #..#
#..# ...# ....#
######


There were no monsters in sight!

Vanquished Creatures
  A dart slug (D:2)
  4 ball pythons
  A bat (D:2)
  2 endoplasms
  2 giant cockroaches (D:1)
  7 goblins
  2 hobgoblins
  3 jackals (D:1)
  5 kobolds
  A quokka (D:1)
  2 frilled lizards (D:1)
  3 rats (D:1)
33 creatures vanquished.

Notes
Turn   | Place    | Note
-------+----------+-------------------------------------------
     0 | D:1      | KristoblXynda the Draconian Gladiator began the quest for
                  | the Orb.
     0 | D:1      | Reached XP level 1. HP: 17/17 MP: 1/1
    99 | D:1      | Reached XP level 2. HP: 12/25 MP: 2/2
   379 | D:1      | Found a faded altar of an unknown god.
  1053 | D:1      | Found Faetz's Armour Emporium.
  1304 | D:2      | Reached XP level 3. HP: 29/30 MP: 3/3
  1605 | D:2      | HP: 2/45 [poisoned by a kobold]
  1607 | D:2      | Succumbed to a kobold's poison

Illustrated notes

Levels and vault maps discovered:
D:1:      heliophobic_arrival_henge, layout_basic, serial_shops, shop,
          shapermc_ecumenical_altar_acropolis, minmay_hedge_maze
D:2:      minmay_door_path, layout_basic, minmay_pentomino_u2

Skill      XL: |  1  2 |
---------------+-------+-----
Throwing       | 2 |  2.0
Dodging        | 3 |  3.0
Fighting       | |  2.8
Long Blades    | |  3.6

Action                   || total
-------------------------++-------
Melee: Long sword        ||    67
       Tailslap          ||     6
  Use: Potion            ||     1
Armor: Skin              ||    38
Dodge: Dodged            ||    79

Table legend: (Time is in decaauts)
 A = Elapsed time spent in this place.
 B = Non-inter-level travel time spent in this place.
 C = Inter-level travel time spent in this place.
 D = Time resting spent in this place.
 E = Time spent auto-exploring this place.
 F = Levels seen in this place.
 G = Mean time per level.
                   A        B        C        D        E       F      G
               +--------+--------+--------+--------+--------+-----+--------+
         Total |   1620 |   1591 |     29 |    494 |    895 |   2 |  810.0 |
       Dungeon |   1620 |   1591 |     29 |    494 |    895 |   2 |  810.0 |
               +--------+--------+--------+--------+--------+-----+--------+

Top non-repeatable levels by time:
     D:1: 1255 daAuts
     D:2: 365 daAuts
